 Dungeon Crawl Stone Soup version 0.31-a0-859-g9dce7d3444 (webtiles) character file.

Game seed: 15869416252718817824

41850 Flugkiller the Severer (level 13, 0/119 HPs)
             Began as a Grey Draconian Berserker on Oct 10, 2023.
             Was a High Priest of Trog.
             Slain by a 13-headed hydra (2 damage)
             ... on level 5 of the Lair of Beasts.
             The game lasted 00:14:43 (17586 turns).

Flugkiller the Severer (Grey Draconian Berserker)  Turns: 17586, Time: 00:14:44

Health: 0/119      AC: 20    Str: 25    XL:     13   Next: 82%
Magic:  0/13       EV: 20    Int:  8    God:    Trog [*****.]
Gold:   1233       SH:  0    Dex: 22    Spells: 12/12 levels left

rFire   . . .        e - +2 battleaxe
rCold   . . .        (shield currently unavailable)
rNeg    . . .        (body armour unavailable)
rPois   .            (helmet restricted)
rElec   .            j - +0 cloak
rCorr   .            G - +2 pair of gloves
SInv    .            i - +2 pair of boots
Will    .....        u - amulet of guardian spirit
Stlth   ++           D - +6 ring of dexterity
HPRegen 0.39/turn    P - +6 ring of strength
MPRegen 0.13/turn

%: guardian spirit
@: on berserk cooldown, slowed, very slow
A: AC +13, amphibious, unfitting armour, cold-blooded
a: Renounce Religion, Berserk, Trog's Hand, Brothers in Arms


You were on level 5 of the Lair of Beasts.
You worshipped Trog.
Trog was extremely pleased with you.
You visited 2 branches of the dungeon, and saw 16 of its levels.
You also visited: Ossuary.

You collected 1233 gold pieces.

Inventory:

Hand Weapons
 e - a +2 battleaxe (weapon)
   (You took it off a hell knight on level 10 of the Dungeon)
 M - a +4 war axe
   (Trog gifted it to you on level 2 of the Lair of Beasts)
 R - a +0 broad axe
   (You found it on level 4 of the Lair of Beasts)
Missiles
 C - 2 curare-tipped darts (quivered)
Armour
 i - a +2 pair of boots (worn)
   (You found it on level 3 of the Dungeon)
 j - a +0 cloak (worn)
   (You took it off Crazy Yiuf on level 3 of the Dungeon)
 G - a +2 pair of gloves (worn)
   (You found it on level 1 of the Lair of Beasts)
Jewellery
 b - a ring of flight
   (You found it on level 3 of the Dungeon)
 m - an amulet of the acrobat
   (You found it on level 5 of the Dungeon)
 p - a ring of protection from fire
   (You found it on level 5 of the Dungeon)
 u - an amulet of guardian spirit (around neck)
   (You found it on level 6 of the Dungeon)
 D - a +6 ring of dexterity (left hand)
   (You took it off an orc wizard on level 9 of the Dungeon)
 F - a ring of magical power
   (You found it on level 11 of the Dungeon)
 O - a ring of positive energy
   (You found it on level 3 of the Lair of Beasts)
 P - a +6 ring of strength (right hand)
   (You found it on level 3 of the Lair of Beasts)
Wands
 h - a wand of roots (1)
   (You took it off Maggie on level 8 of the Dungeon)
 k - a wand of flame (58)
   (You found it on level 4 of the Dungeon)
 n - a wand of digging (13)
   (You found it on level 9 of the Dungeon)
 L - a wand of charming (7)
   (You found it on level 2 of the Lair of Beasts)
Scrolls
 c - 5 scrolls of poison
 f - 3 scrolls of revelation
 r - 2 scrolls of identify
 t - 10 scrolls of teleportation
 v - 4 scrolls of vulnerability
 A - a scroll of silence {unknown}
 B - a scroll of enchant armour
 E - a scroll of fog {unknown}
Potions
 d - 3 potions of might
 g - 7 potions of attraction
 l - 3 potions of brilliance
 o - 3 potions of lignification
 q - 8 potions of curing
 s - a potion of invisibility {unknown}
 w - 3 potions of heal wounds
 x - 5 potions of enlightenment
 y - 4 potions of cancellation {unknown}
 z - 2 potions of mutation {unknown}
 H - 2 potions of magic {unknown}
 I - a potion of degeneration {unknown}
 K - 4 potions of haste {unknown}
Miscellaneous
 a - a box of beasts
   (You found it on level 5 of the Lair of Beasts)
 N - a phial of floods
   (You found it on level 2 of the Lair of Beasts)
 Q - a phantom mirror
   (You found it on level 4 of the Lair of Beasts)


   Skills:
 + Level 12.8 Fighting
 * Level 15.1 Axes
 + Level 10.9 Dodging
 + Level 10.8 Evocations


You had 12 spell levels left.
You didn't know any spells.
Your spell library was empty.

Dungeon Overview and Level Annotations

Branches:
Dungeon (11/15) Zot: 26328  Temple (0/1) D:6            Lair (5/5) D:9 Zot: 24234
  Swamp (0/4) Lair:2       Spider (0/4) Lair:3        Slime (0/5) Lair:4
    Orc (0/2) D:9         Ossuary (visited)

Altars:
Ashenzari
Gozag
Nemelex Xobeh
Qazlal
Ru
Trog
Wu Jian
Xom
Zin
The Shining One

Shops:
D:7 (

Annotations:
D:8 3 runed translucent doors, Maratek's ghost, novice MiFi
Lair:5 2 transporters, Ge0ff's ghost, journeyman OpHs


Innate Abilities, Weirdness & Mutations

Your dull iron-grey scales are very hard. (AC +13)
You are amphibious.
You cannot fit into any form of body armour.
You are cold-blooded and may be slowed by cold attacks.


Message History

The six-headed hydra closely misses you.
The six-headed hydra bites you but does no damage.
A red film seems to cover your vision as you go berserk!
You feel yourself moving faster!
You feel mighty! The six-headed hydra misses you.
The six-headed hydra bites you but does no damage.
The six-headed hydra bites you.
The six-headed hydra bites you but does no damage.
The six-headed hydra misses you.
The six-headed hydra completely misses you.
You completely miss the six-headed hydra.
The six-headed hydra roars!
You chop one of the six-headed hydra's heads off!
The five-headed hydra grows two more!
You slice the seven-headed hydra!!
The seven-headed hydra is heavily wounded.
The seven-headed hydra misses you. The seven-headed hydra bites you!
The seven-headed hydra misses you.
The seven-headed hydra completely misses you. x2
The seven-headed hydra closely misses you.
The seven-headed hydra completely misses you.
You hack one of the seven-headed hydra's heads off!
The six-headed hydra grows two more!
You slice the eight-headed hydra!! You tail-slap the eight-headed hydra!
You kill the eight-headed hydra!
Trog accepts your kill.
You feel a strong urge to attack something.
You slice one of the six-headed hydra's heads off!
The five-headed hydra grows two more!
You slice the seven-headed hydra!!
Your tail-slap misses the seven-headed hydra.
The seven-headed hydra is heavily wounded.
The seven-headed hydra misses you.
The seven-headed hydra bites you but does no damage.
The seven-headed hydra misses you.
The seven-headed hydra barely misses you.
The seven-headed hydra completely misses you.
The seven-headed hydra barely misses you. x2
You hack one of the seven-headed hydra's heads off!
The six-headed hydra grows two more!
You slash the eight-headed hydra!
The eight-headed hydra is heavily wounded.
You hack one of the eight-headed hydra's heads off!
The seven-headed hydra grows two more!
You slash the nine-headed hydra!
The nine-headed hydra is heavily wounded.
The nine-headed hydra bites you but does no damage.
The nine-headed hydra closely misses you.
The nine-headed hydra misses you. The nine-headed hydra bites you.
The nine-headed hydra completely misses you.
The nine-headed hydra misses you. The nine-headed hydra bites you!
The nine-headed hydra barely misses you.
The nine-headed hydra completely misses you.
You lop one of the nine-headed hydra's heads off!
The eight-headed hydra grows two more!
You hit the ten-headed hydra.
The ten-headed hydra is moderately wounded.
The ten-headed hydra bites you!
The ten-headed hydra bites you but does no damage.
The ten-headed hydra bites you.
The ten-headed hydra completely misses you.
The ten-headed hydra bites you.
The ten-headed hydra bites you but does no damage.
The ten-headed hydra bites you. The ten-headed hydra barely misses you.
The ten-headed hydra misses you.
The ten-headed hydra bites you but does no damage.
You slice one of the ten-headed hydra's heads off!
The nine-headed hydra grows two more!
You slash the 11-headed hydra!
The 11-headed hydra is moderately wounded.
You completely miss the 11-headed hydra.
The 11-headed hydra is moderately wounded.
You are no longer berserk.
You are exhausted.
You feel yourself slow down. The 11-headed hydra bites you.
The 11-headed hydra closely misses you. The 11-headed hydra misses you.
The 11-headed hydra barely misses you. x2; The 11-headed hydra misses you.
The 11-headed hydra completely misses you.
The 11-headed hydra bites you. The 11-headed hydra bites you! x3
You lop one of the 11-headed hydra's heads off!
The ten-headed hydra grows two more!
You hit the 12-headed hydra. You tail-slap the 12-headed hydra.
The 12-headed hydra is moderately wounded.
The 12-headed hydra bites you but does no damage.
The 12-headed hydra bites you!
The 12-headed hydra completely misses you. x2
The 12-headed hydra closely misses you. The 12-headed hydra bites you!
* * * LOW HITPOINT WARNING * * *
The 12-headed hydra bites you but does no damage.
The 12-headed hydra barely misses you.
The 12-headed hydra completely misses you.
The 12-headed hydra bites you.
* * * LOW HITPOINT WARNING * * *
The 12-headed hydra bites you but does no damage.
The 12-headed hydra bites you.
* * * LOW HITPOINT WARNING * * *
You lop one of the 12-headed hydra's heads off!
The 11-headed hydra grows two more!
You slice the 13-headed hydra!! You tail-slap the 13-headed hydra.
The 13-headed hydra is heavily wounded.
The 13-headed hydra closely misses you. The 13-headed hydra bites you!
* * * LOW HITPOINT WARNING * * *
The 13-headed hydra closely misses you. The 13-headed hydra bites you!
* * * LOW HITPOINT WARNING * * *
The 13-headed hydra misses you. The 13-headed hydra bites you.
You die...

#####
#############
.....
............#
.....
............#
....
............#
....
......D.....##
# #@.....# #
#......# ##
#.....## .#
##..?..## .#
#.......# .#
######......##
.##
##P...#......P#
....
.............##
....
............###


You could see a 13-headed hydra.

Vanquished Creatures
  An eleionoma (Lair:2)
  2 hydras
  A catoblepas (Lair:1)
  A two-headed ogre (D:11)
  3 death yaks (Lair:1)
  4 hell knights (D:10)
  A skyshark (Lair:2)
  3 lindwurms
  2 necromancers (D:10)
  Joseph (D:9)
  3 black mambas
  Maggie (D:8)
  An elephant (Lair:2)
  A torpor snail (Lair:1)
  2 gargoyles
  12 cane toads
  A kobold demonologist (D:11)
  2 rime drakes
  10 komodo dragons
  4 hornets
  16 blink frogs
  Sigmund (D:3)
  3 shadows
  5 wraiths
  2 wyverns
  2 basilisks (Lair:2)
  35 yaks
  A steam dragon (D:10)
  3 vampire mosquitoes (D:11)
  3 wargs
  13 water moccasins
  4 hell hounds (D:10)
  An ice beast (D:6)
  3 black bears
  An orc warrior (D:9)
  4 ogres
  A centaur (D:10)
  8 wolves
  2 phantoms
  3 kobold brigands
  17 bullfrogs
  3 scorpions
  A gnoll sergeant (D:7)
  5 wights
  3 water moccasin zombies (Ossuary)
  6 killer bees
  3 troll zombies (D:9)
  5 howler monkeys
  9 electric eels
  2 bullfrog zombies (Ossuary)
  2 centaur zombies (Ossuary)
  2 hounds (D:5)
  8 orc priests
  A jelly (D:6)
  Crazy Yiuf (D:3)
  2 iguanas
  10 orc wizards
  7 ogre zombies
  6 gnolls
  10 adders
  A shadow imp (D:5)
  2 white imps
  2 ufetubi
  3 adder zombies (Ossuary)
  2 worms
  14 orcs
  3 endoplasms (D:2)
  4 giant cockroaches
  4 goblins
  6 hobgoblins
  A quokka (D:2)
  2 ball pythons
  4 bats
  4 frilled lizards
  2 gnoll zombies (Ossuary)
  2 goblin skeletons (D:9)
  6 goblin zombies
  A hobgoblin skeleton (D:9)
  9 hobgoblin zombies
  18 kobolds
  2 orc skeletons (D:9)
  13 orc zombies
  2 quokka zombies (D:6)
  7 rats
384 creatures vanquished.

Vanquished Creatures (collateral kills)
  A hydra (Lair:2)
  A hell knight (D:10)
  2 necromancers (D:10)
  A black mamba (Lair:2)
  A torpor snail (Lair:2)
  2 cane toads (Lair:2)
  A basilisk (Lair:2)
  3 hell hounds (D:10)
  A wight (D:7)
13 creatures vanquished.

Vanquished Creatures (others)
  A hell knight (D:10)
1 creature vanquished.

Grand Total: 398 creatures vanquished

Notes
Turn   | Place    | Note
-------+----------+-------------------------------------------
     0 | D:1      | Flugkiller the Draconian Berserker began the quest for the
                  | Orb.
     0 | D:1      | Reached XP level 1. HP: 19/19 MP: 1/1
   350 | D:1      | Reached XP level 2. HP: 19/26 MP: 2/2
   833 | D:2      | Reached XP level 3. HP: 27/31 MP: 3/3
  1125 | D:2      | Found a faded altar of an unknown god.
  1180 | D:2      | Reached ** piety under Trog
  1214 | D:2      | Reached skill level 4 in Axes
  1219 | D:2      | Reached XP level 4. HP: 35/40 MP: 4/4
  1868 | D:3      | Noticed Sigmund
  1876 | D:3      | Killed Sigmund
  1877 | D:3      | Reached skill level 5 in Axes
  1877 | D:3      | Reached XP level 5. HP: 47/47 MP: 3/5
  2101 | D:3      | Found a runed translucent door.
  2102 | D:3      | Noticed Crazy Yiuf
  2258 | D:3      | Killed Crazy Yiuf
  2259 | D:3      | Reached XP level 6. HP: 53/53 MP: 6/6
  2482 | D:4      | Found a sparkling altar of Nemelex Xobeh.
  2511 | D:4      | You are sucked into a shaft and drop 1 floor!
  2511 | D:5      | Entered Level 5 of the Dungeon
  2921 | D:4      | Reached skill level 5 in Fighting
  3264 | D:5      | Found a broken altar of Ashenzari.
  3490 | D:5      | Reached skill level 6 in Axes
  3490 | D:5      | Your scales start taking on a dull iron-grey colour.
  3490 | D:5      | Reached XP level 7. HP: 61/61 MP: 7/7
  3682 | D:5      | Found an ornate altar of the Wu Jian Council.
  4045 | D:5      | Reached skill level 7 in Axes
  4238 | D:6      | Reached skill level 5 in Dodging
  4238 | D:6      | Reached XP level 8. HP: 70/70 MP: 8/8
  4354 | D:6      | Found a glowing silver altar of Zin.
  4355 | D:6      | Found a glowing golden altar of the Shining One.
  4356 | D:6      | Found an opulent altar of Gozag.
  4371 | D:6      | Found a sand-covered staircase.
  4379 | Ossuary  | Entered an ossuary
  4442 | Ossuary  | Reached *** piety under Trog
  4443 | Ossuary  | Reached skill level 8 in Axes
  4647 | Ossuary  | Noticed a silent spectre
  4726 | D:6      | Found a stormy altar of Qazlal.
  4778 | D:6      | Found a staircase to the Ecumenical Temple.
  5261 | D:7      | Reached skill level 9 in Axes
  5261 | D:7      | Reached XP level 9. HP: 71/79 MP: 9/9
  5288 | D:7      | Reached **** piety under Trog
  5501 | D:7      | HP: 5/111 [wight/+3 flail (4)]
  5806 | D:7      | Found Quh Esuh's Weapon Shoppe.
  5815 | D:7      | Found a sacrificial altar of Ru.
  6164 | D:8      | Found a runed translucent gate.
  6165 | D:8      | Found a runed translucent gate.
  6169 | D:8      | Found a runed translucent gate.
  6241 | D:8      | Reached skill level 10 in Axes
  6287 | D:8      | Found an opulent altar of Gozag.
  6291 | D:8      | Noticed a freezing wraith
  6293 | D:8      | Noticed a brown ugly thing
  6294 | D:8      | Noticed Maratek's ghost (novice MiFi)
  6558 | D:8      | Noticed Maggie
  6571 | D:8      | Killed Maggie
  6904 | D:8      | Paralysed by a hornet for 2 turns
  6907 | D:8      | Paralysed by a hornet for 3 turns
  6924 | D:8      | Reached XP level 10. HP: 51/90 MP: 5/10
  7610 | D:9      | Noticed Joseph
  7711 | D:9      | Killed Joseph
  7778 | D:9      | Reached skill level 5 in Evocations
  8028 | D:9      | Found a staircase to the Lair.
  8521 | D:9      | Found a staircase to the Orcish Mines.
  8599 | D:9      | Found a shimmering altar of Xom.
  8601 | D:9      | Found a shimmering altar of Xom.
  8601 | D:9      | Found a shimmering altar of Xom.
  8603 | D:9      | Found a shimmering altar of Xom.
  8617 | D:9      | Reached ***** piety under Trog
  8712 | D:9      | Found a shimmering altar of Xom.
  8714 | D:9      | Found a shimmering altar of Xom.
  8716 | D:9      | Found a shimmering altar of Xom.
  8914 | D:9      | Reached skill level 11 in Axes
  9199 | D:10     | Entered Level 10 of the Dungeon
  9520 | D:10     | Reached XP level 11. HP: 50/97 MP: 6/11
 10113 | D:10     | Noticed a hell knight
 10114 | D:10     | Noticed a hell knight
 10114 | D:10     | Noticed a necromancer
 10116 | D:10     | Noticed a necromancer
 10120 | D:10     | Noticed a hell knight
 10124 | D:10     | Noticed a necromancer
 10142 | D:10     | Killed a hell knight
 10176 | D:10     | Noticed a hell knight
 10442 | D:10     | Noticed a hell knight
 10456 | D:10     | Killed a necromancer
 10461 | D:10     | Killed a necromancer
 10469 | D:10     | Killed a necromancer
 10470 | D:10     | Reached skill level 10 in Fighting
 10473 | D:10     | Killed a hell knight
 10648 | D:10     | Killed a hell knight
 10682 | D:10     | Noticed a necromancer
 10901 | D:10     | Killed a necromancer
 10907 | D:10     | Killed a hell knight
 11046 | D:10     | Noticed a hell knight
 11064 | D:10     | Killed a hell knight
 11065 | D:10     | Reached skill level 12 in Axes
 11297 | D:11     | Noticed a stone giant
 11582 | D:11     | Reached XP level 12. HP: 91/108 MP: 12/12
 11794 | D:11     | Noticed a two-headed ogre
 11803 | D:11     | Killed a two-headed ogre
 11896 | Lair:1   | Entered Level 1 of the Lair of Beasts
 11903 | Lair:1   | Identified the +4 falchion of Superiority {flame, Drain
                  | Str+5}
 12077 | Lair:1   | Reached skill level 13 in Axes
 12152 | Lair:1   | Noticed a death yak
 12155 | Lair:1   | Noticed a death yak
 12178 | Lair:1   | Killed a death yak
 12532 | Lair:1   | Noticed a catoblepas
 12551 | Lair:1   | Killed a catoblepas
 12572 | Lair:1   | Noticed a death yak
 12789 | Lair:1   | Killed a death yak
 12796 | Lair:1   | Killed a death yak
 12984 | Lair:2   | Noticed an eleionoma
 12984 | Lair:2   | Found a staircase to the Swamp.
 12999 | Lair:2   | Killed an eleionoma
 13000 | Lair:2   | Reached skill level 10 in Dodging
 13433 | Lair:2   | Noticed a seven-headed hydra
 13985 | Lair:2   | Reached XP level 13. HP: 117/117 MP: 13/13
 14029 | Lair:2   | Identified the +4 whip of Dithmenos's Supremacy {elec,
                  | Stlth+}
 14100 | Lair:2   | Reached skill level 14 in Axes
 14100 | Lair:2   | Reached skill level 10 in Evocations
 14595 | Lair:2   | Received a gift from Trog
 15431 | Lair:3   | Found a hole to the Spider Nest.
 16861 | Lair:4   | Found a staircase to the Slime Pits.
 17051 | Lair:5   | Entered Level 5 of the Lair of Beasts
 17278 | Lair:5   | Reached skill level 15 in Axes
 17375 | Lair:5   | Noticed Ge0ff's ghost (journeyman OpHs)
 17388 | Lair:5   | Found a bloodstained altar of Trog.
 17393 | Lair:5   | Found a transporter.
 17396 | Lair:5   | Found a transporter.
 17586 | Lair:5   | HP: 2/119 [13-headed hydra (10)]
 17586 | Lair:5   | Slain by a 13-headed hydra

Illustrated notes

Levels and vault maps discovered:
D:1:      beargit_arrival_diablo_church, layout_basic, nicolae_grassy_gnolls
D:2:      layout_loops_corners, nicolae_ecumenical_lake_church
D:3:      layout_rooms, uniq_crazy_yiuf_cottage, uniq_sigmund
D:4:      layout_loops_ring, nemelex_diamond_rough_becter
D:5:      layout_loops_corners, nicolae_wu_jian_immortal_techniques,
          nicolae_ashenzari_skybound, minmay_quadrilaterals
D:6:      layout_rooms, mainiacjoe_overflow_alcove_3,
          minmay_temple_entry_offerings, enter_ossuary_4
D:7:      layout_cave_pools, nicolae_ru_awakened_eye, serial_shops, shop,
          grunt_ministairs_4
D:8:      layout_basic, ebering_ghost_gozag, uniq_maggie
D:9:      cheibrodos_two_vegetables, layout_long_grid, nicolae_xom_altar_mimics,
          erik_lair_orcish_takeover, zombieorc2_lemuel, uniq_joseph
D:10:     layout_basic, minmay_rotating_lava
D:11:     layout_cave_pools, wad_dig_loot
Lair:1:   layout_roguey, grunt_megastairs_2
Lair:2:   layout_regular_city, alex1729_swamp_entry_worm_eleionoma,
          nzn_random_ring, serial_bayou_shore_a
Lair:3:   layout_gridlike, dummy_spider_entry, grunt_megastairs_4
Lair:4:   layout_roguey, minmay_slime_entry_oklob_enclosed, grunt_megastairs_3
Lair:5:   cheibrodos_lair_end_hotspot, layout_long_grid,
          gammafunk_ghost_wrathful_warriors

Skill      XL: |  1  2  3  4  5  6  7  8  9 10 11 12 13 |
---------------+----------------------------------------+-----
Dodging        | 3 4 5 6 7 9 10 | 10.9
Axes           | 4 5 6 7 9 10 11 12 13 15 | 15.1
Fighting       | 4 5 6 7 8 9 10 11 12 | 12.8
Evocations     | 2 7 8 9 10 | 10.8

Action                     |  1- 3 |  4- 6 |  7- 9 | 10-12 | 13-15 || total
---------------------------+-------+-------+-------+-------+-------++-------
  Melee: Hand axe          |    91 |   123 |   520 |   564 |       ||  1298
         Tailslap          |    10 |    19 |    93 |   172 |    49 ||   343
         Punch             |       |     1 |    13 |     7 |       ||    21
         Battleaxe         |       |       |       |   301 |   248 ||   549
  Throw: Dart              |       |       |       |     2 |       ||     2
 Invoke: Berserk           |       |     4 |     3 |    17 |     3 ||    27
         Brothers in Arms  |       |       |       |     1 |     1 ||     2
         Trog's Hand       |       |       |       |     1 |       ||     1
  Evoke: Wand              |       |       |       |    17 |       ||    17
    Use: Scroll            |       |     6 |     9 |     4 |     1 ||    20
         Potion            |       |       |     2 |       |       ||     2
   Stab: Sleeping          |     1 |     1 |       |     2 |     2 ||     6
         Distracted        |       |       |       |     2 |       ||     2
         Petrified         |       |       |       |     3 |       ||     3
         Petrifying        |       |       |       |     1 |       ||     1
 Armour: Skin              |    44 |    66 |   377 |   585 |   216 ||  1288
  Dodge: Dodged            |    65 |    70 |   393 |   688 |   312 ||  1528

Table legend: (Time is in decaauts)
 A = Elapsed time spent in this place.
 B = Non-inter-level travel time spent in this place.
 C = Inter-level travel time spent in this place.
 D = Time resting spent in this place.
 E = Time spent auto-exploring this place.
 F = Levels seen in this place.
 G = Mean time per level.
                   A        B        C        D        E       F      G
               +--------+--------+--------+--------+--------+-----+--------+
         Total |  17712 |  17269 |    443 |   5448 |   8249 |  17 | 1041.9 |
       Dungeon |  11654 |  11350 |    304 |   3299 |   5685 |  11 | 1059.5 |
          Lair |   5763 |   5624 |    139 |   2072 |   2501 |   5 | 1152.6 |
       Ossuary |    293 |    293 |      0 |     77 |     62 |   1 |  293.0 |
               +--------+--------+--------+--------+--------+-----+--------+

Top non-repeatable levels by time:
    D:10: 2092 daAuts
  Lair:2: 1818 daAuts
     D:8: 1712 daAuts
  Lair:1: 1445 daAuts
     D:9: 1345 daAuts
  Lair:4: 1320 daAuts
     D:5: 1186 daAuts
     D:2: 1037 daAuts
     D:7: 967 daAuts
  Lair:3: 774 daAuts
     D:1: 767 daAuts
     D:4: 717 daAuts
     D:6: 647 daAuts
    D:11: 624 daAuts
     D:3: 557 daAuts
